 Dungeon Crawl Stone Soup version 0.28.0-53-g5a82cb258f (webtiles) character file.

Game seed: 5991244882402053904

22 buhh the Insei (level 2, -1/19 HPs)
             Began as an Octopode Transmuter on June 16, 2022.
             Frozen to death by an endoplasm (5 damage)
             ... on level 1 of the Dungeon.
             The game lasted 00:02:25 (1321 turns).

buhh the Insei (Octopode Transmuter)                Turns: 1321, Time: 00:02:26

Health: -1/19      AC:  1    Str:  9    XL:     2   Next: 91%
Magic:  4/5        EV: 13    Int: 15    God:
Gold:   53         SH:  0    Dex: 12    Spells: 4/5 levels left

rFire   . . .      SeeInvis .     - Unarmed
rCold   . . .      Faith    .   (no shield)
rNeg    . . .      Spirit   .   (helmet currently unavailable)
rPois   .          Reflect  .   (no amulet)
rElec   .          Harm     .   (no ring)
rCorr   .          Rampage  .   (no ring)
Will    .....                   (no ring)
Stlth   +++.......              (no ring)
HPRegen 0.06/turn               (no ring)
MPRegen 0.09/turn               (no ring)
                                (no ring)
                                (no ring)

@: appendages
A: tentacle spike 3, almost no armour, amphibious, 8 rings, camouflage 1,
gelatinous body 1, (nimble swimmer 1), tentacles
a: End Transformation


You were on level 1 of the Dungeon.
One of your tentacles had grown a beastly spike.
You visited 1 branch of the dungeon, and saw 2 of its levels.

You collected 53 gold pieces.

Inventory:

Missiles
 c - 6 poisoned darts
Scrolls
 e - a scroll of enchant armour {unknown}
 h - a scroll of identify {unknown}
Potions
 a - a potion of attraction {unknown}
 b - a potion of haste {unknown}
 d - a potion of invisibility {unknown}
 f - a potion of brilliance {unknown}
 g - a potion of berserk rage {unknown}
 i - a potion of mutation {unknown}


   Skills:
 - Level 2.0 Fighting
 - Level 2.0 Dodging
 - Level 1.0 Stealth
 + Level 3.4 Unarmed Combat
 - Level 2.0 Spellcasting
 - Level 2.0 Transmutations


You had 4 spell levels left.
You knew the following spells:

 Your Spells              Type           Power      Damage    Failure   Level
a - Beastly Appendage     Tmut           14%        N/A       10%         1

Your spell library contained the following spells:

 Spells                   Type           Power      Damage    Failure   Level
 Wereblood                Tmut           7%         N/A       14%         2
 Spider Form              Tmut/Pois      4%         N/A       41%         3
 Ice Form                 Ice/Tmut       4%         N/A       82%         4


Dungeon Overview and Level Annotations

Branches:
Dungeon (2/15)

Altars:


Innate Abilities, Weirdness & Mutations

One of your tentacles has grown a beastly spike.
You cannot wear most types of armour.
You are amphibious.
You can wear up to eight rings at the same time.
Your skin changes colour to match your surroundings (Stealth+).
Your rubbery body absorbs attacks. (AC +1, EV +1)
((You are camouflaged when in or above water. (Stealth+)))
You have tentacles for arms and can constrict up to eight enemies at once.


Message History

The bat hits you. x2
The bat hits you but does no damage. The bat barely misses you.
The bat barely misses you. The bat hits you.
Your transformation is almost over.
The bat misses you. The bat barely misses you. The bat closely misses you.
The bat barely misses you. The bat hits you but does no damage.
The bat hits you but does no damage. The bat closely misses you.
The bat hits you but does no damage.
Your tentacle spike disappears.
The bat hits you but does no damage. The bat completely misses you.
The bat barely misses you. The bat hits you.
The bat hits you but does no damage. The bat hits you.
The bat barely misses you.
You tentacle-slap the bat. You grab the bat. You squeeze the bat.
You kill the bat!
Training target 2.0 for Fighting reached!
Your Fighting skill increases to level 2!
There is a stone staircase leading up here.
The endoplasm hits you.
You climb upwards.
There is a stone staircase leading down here.
Casting: Beastly Appendage (safe; 10% risk of failure)
Press: ? - help, Q - select action, (/) - cycle Dir - look around, f - activate One of your tentacles grows a vicious spike.
The endoplasm freezes you.
You are frozen.
You tentacle-slap the endoplasm.
The endoplasm is lightly wounded.
The endoplasm freezes you.
You are frozen.
* * * LOW HITPOINT WARNING * * *
You tentacle-slap the endoplasm.
You pierce the endoplasm.
The endoplasm is almost dead.
The endoplasm freezes you.
You are frozen.
You die...

#.# #..........# #.#
#..........#
#.###.........##
#.#...#........## ####
#.#...####.###..# ...#
###....#####.####.# .#.#
#.....###.).....#.######
.#.###.#..##
#..........##..# .#..##.#).#
#.J@.....####..# .#........#
#####..........##
...#..##.####..............#
...........#####..........##
.........#.#####..........#
.........#..#............##
...............###.......##
..#####.........##.....#..##
..#
#..........#>...###..######


You could see an endoplasm.

Vanquished Creatures
  A dart slug (D:1)
  2 goblins (D:1)
  A hobgoblin (D:1)
  5 jackals (D:1)
  A kobold (D:1)
  A quokka (D:1)
  A ball python (D:1)
  4 bats
  A frilled lizard (D:2)
17 creatures vanquished.

Notes
Turn   | Place    | Note
-------+----------+-------------------------------------------
     0 | D:1      | buhh the Octopode Transmuter began the quest for the Orb.
     0 | D:1      | Reached XP level 1. HP: 13/13 MP: 3/3
   372 | D:1      | Reached XP level 2. HP: 15/18 MP: 3/5
  1098 | D:1      | Found a faded altar of an unknown god.
  1321 | D:1      | Frozen to death by an endoplasm

Illustrated notes

Levels and vault maps discovered:
D:1:      ncdulo_wetmaze, layout_rooms, hellmonk_ecumenical_altar_heavens_door
D:2:      layout_basic, serial_shops, nicolae_shop_hallway_stairs,
          minmay_pentomino_r2, uniq_robin

Skill      XL: |  1  2 |
---------------+-------+-----
Stealth        | 1 |  1.0
Fighting       | 2 |  2.0
Dodging        | |  2.0
Unarmed Combat | |  3.4
Spellcasting   | |  2.0
Transmutations | |  2.0

Action                   || total
-------------------------++-------
Melee: Unarmed           ||    36
       Constrict         ||    11
       Kick              ||    10
       Tentacles         ||     7
 Cast: Beastly Appendage ||    18
 Stab: Sleeping          ||     2
Armor: Skin              ||    12
Dodge: Dodged            ||    36
